 Dungeon Crawl Stone Soup version 0.30.0-5-g1a98f26d00 (webtiles) character file.

Game seed: 731820122806476136

91 Esekla the Grave Robber (level 4, -1/32 HPs)
             Began as a Formicid Necromancer on May 8, 2023.
             Slain by a river rat (3 damage)
             ... in a sewer.
             The game lasted 00:15:00 (2602 turns).

Esekla the Grave Robber (Formicid Necromancer)      Turns: 2602, Time: 00:15:01

Health: -1/32      AC:  3    Str: 13    XL:     4   Next: 87%
Magic:  0/8        EV: 12    Int: 16    God:
Gold:   122        SH:  0    Dex: 14    Spells: 5/9 levels left

rFire   . . .        d - +0 dagger
rCold   . . .        (no shield)
rNeg    . . .        a - +0 robe
rPois   .            (helmet unavailable)
rElec   .            (no cloak)
rCorr   .            (no gloves)
SInv    +            e - +0 pair of boots
Will    .....        (no amulet)
Stlth   ++           (no ring)
HPRegen 0.25/turn    (no ring)
MPRegen 0.11/turn

%: no passive effects
@: very slightly contaminated
A: permanent stasis, dig shafts and tunnels, antennae 3, four strong arms
a: Dig


You were in a sewer.
You visited 1 branch of the dungeon, and saw 3 of its levels.
You also visited: Sewer.

You collected 122 gold pieces.

Inventory:

Hand Weapons
 d - a +0 dagger (weapon)
Armour
 a - a +0 robe (worn)
 e - a +0 pair of boots (worn)
Wands
 o - a wand of paralysis (8)
Scrolls
 g - 6 scrolls of identify {unknown}
 h - a scroll of poison {unknown}
 m - a scroll of immolation {unknown}
 n - a scroll of blinking {unknown}
Potions
 b - a potion of magic
 c - a potion of lignification {unknown}
 f - 2 potions of curing {unknown}
 i - a potion of attraction {unknown}
 j - 2 potions of heal wounds {unknown}
 k - a potion of flight
 l - a potion of resistance {unknown}


   Skills:
 * Level 1.3 Fighting
 + Level 1.1 Short Blades
 + Level 2.0 Dodging
 + Level 2.9 Stealth
 * Level 3.1 Spellcasting
 * Level 4.5 Necromancy


You had 5 spell levels left.
You knew the following spells:

 Your Spells              Type           Power      Damage    Failure   Level
a - Necrotise             Necr           68%        1d7       2%          1
d - Vampiric Draining     Necr           17%        2d7       9%          3

Your spell library contained the following spells:

 Spells                   Type           Power      Damage    Failure   Level
 Animate Dead             Necr           17%        N/A       28%         4
 Agony                    Necr           17%        N/A       61%         5
 Summon Forest            Summ/Tloc      1%         N/A       99%         5
 Summon Mana Viper        Hex/Summ       2%         N/A       99%         5
 Summon Cactus Giant      Summ           1%         N/A       100%        6


Dungeon Overview and Level Annotations

Branches:
Dungeon (3/15)              Sewer (1/1)

Altars:

Annotations:
D:2 Terence


Innate Abilities, Weirdness & Mutations

You cannot be hasted, slowed, berserked, paralysed or teleported.
You can dig through walls and to a lower floor.
You have a pair of large antennae on your head. (SInv)
Your four strong arms can wield two-handed weapons with a shield.


Message History

The river rat is heavily wounded.
The river rat bites you.
You closely miss the river rat.
The river rat is heavily wounded.
The river rat misses you.
You hit the river rat.
The river rat is severely wounded.
The river rat barely misses you.
You barely miss the river rat.
The river rat is severely wounded.
The river rat bites you!
Casting: Vampiric Draining (quite dangerous; 9% risk of failure)
Confirm with . or Enter, or press ? or * to list all spells.
The spell is quite dangerous to miscast (9% risk of failure)!
Continue anyway?
Aiming: Vampiric Draining (quite dangerous; 9% risk of failure)
Press: ? - help, Shift-Dir - straight line, f - river rat
Aim: a river rat (water, severely wounded)
You miscast Vampiric Draining.
You are very lightly contaminated with residual magic.
Nothing appears to happen.
The river rat bites you.
* * * LOW HITPOINT WARNING * * *
You hit the river rat.
The river rat is severely wounded.
You barely miss the river rat.
The river rat is severely wounded.
The river rat bites you.
* * * LOW HITPOINT WARNING * * *
You hit the river rat but do no damage.
The river rat is severely wounded.
The river rat completely misses you.
You hit the river rat but do no damage.
The river rat is severely wounded.
The river rat closely misses you.
You hit the river rat but do no damage.
The river rat is severely wounded.
The river rat closely misses you.
You hit the river rat.
The river rat is almost dead.
The river rat bites you.
You die...

##....# #.≈~#
#≈≈≈###.†## #~≈~# ≈≈≈#
#≈≈≈###..# #~≈~# ≈≈≈#
#≈≈≈##...# #~≈~# ≈≈≈#
#≈≈≈###~†## #~≈~# ≈≈≈#
#≈≈≈# #~~.# #~≈~# ≈≈≈#
#≈≈≈# #.~.### #~≈~# ≈≈≈#
#≈≈≈###†~~#~###~r~##≈≈≈#
#~.~~~~~~~~..~~~@~~~≈≈≈#
#~≈≈≈≈≈≈≈≈≈≈≈≈≈≈≈≈≈≈≈≈≈#
#.≈~~~.~~~~~~~~~~.~~~≈≈#
#~≈~################~≈≈#
#.≈~# ~≈≈# #~≈~# .≈≈#
#~≈.# .≈≈# #.≈~# ~≈≈#
#~≈~~


You could see a river rat.

Vanquished Creatures
  3 adders
  2 worms (D:2)
  A dart slug (D:1)
  8 ball pythons
  12 bats
  4 endoplasms
  2 giant cockroaches (D:2)
  3 goblins
  4 hobgoblins
  3 jackals
  4 frilled lizards
  4 kobolds
  5 rats
55 creatures vanquished.

Notes
Turn   | Place    | Note
-------+----------+-------------------------------------------
     0 | D:1      | Esekla the Formicid Necromancer began the quest for the
                  | Orb.
     0 | D:1      | Reached XP level 1. HP: 13/13 MP: 3/3
   637 | D:1      | Reached XP level 2. HP: 19/20 MP: 5/5
   940 | D:1      | Reached XP level 3. HP: 25/25 MP: 6/6
   967 | D:1      | Learned a level 3 spell: Vampiric Draining
  1302 | D:2      | Reached skill level 1 in Fighting
  1740 | D:2      | Identified the +3 short sword of Zithym {freeze, *Corrode
                  | Str+6}
  1766 | D:2      | Found a faded altar of an unknown god.
  1805 | D:2      | Reached skill level 1 in Short Blades
  1805 | D:2      | Reached XP level 4. HP: 23/32 MP: 4/8
  2117 | D:2      | Noticed Terence
  2347 | D:3      | Found a glowing drain.
  2407 | Sewer    | Entered a sewer
  2602 | Sewer    | Slain by a river rat

Illustrated notes

Levels and vault maps discovered:
D:1:      spicycebolla_arrival_xxxplode, layout_basic, minmay_misc_feat_pillars,
          kennysheep_doodads
D:2:      layout_loops_cross, shapermc_ecumenical_altar_starsandcircs,
          uniq_terence
D:3:      layout_rooms, portal_sewer_entry_d
Sewer:    sewer_fruit_machine

Skill      XL: |  1  2  3  4 |
---------------+-------------+-----
Fighting       | 1 |  1.3
Short Blades   | 1 |  1.1
Dodging        | 2 |  2.0
Spellcasting   | 3 |  3.1
Stealth        | |  2.9
Necromancy     | |  4.5

Action                     |  1- 3 |  4- 6 || total
---------------------------+-------+-------++-------
  Melee: Unarmed           |    37 |       ||    37
         Dagger            |   147 |    89 ||   236
   Cast: Vampiric Draining |     6 |     8 ||    14
   Stab: Sleeping          |     6 |       ||     6
 Armour: Robe              |    61 |    37 ||    98
  Dodge: Dodged            |   109 |   103 ||   212
